 Dungeon Crawl Stone Soup version 0.29-a0-82-g837932c90e (webtiles) character file.

Game seed: 17914570510640808334

3852 sanka the Destroyer (level 10, -9/74 HPs)
             Began as a Gnoll Conjurer on Feb 4, 2022.
             Was a Follower of Cheibriados.
             Mangled by Harold (13 damage)
             ... on level 8 of the Dungeon.
             The game lasted 00:15:35 (12558 turns).

sanka the Destroyer (Gnoll Conjurer)               Turns: 12558, Time: 00:15:35

Health: -9/74      AC: 12    Str: 16    XL:     10   Next: 18%
Magic:  2/20       EV: 14    Int: 23    God:    Cheibriados [*.....]
Gold:   443        SH:  0    Dex: 13    Spells: 20/23 levels left

rFire   . . .      SeeInvis .   a - +8 mace of Ignis's Delight {freeze, Str+7}
rCold   + . .      Faith    .   (no shield)
rNeg    . . .      Spirit   .   D - +0 steam dragon scales
rPois   .          Reflect  .   u - +0 helmet
rElec   .          Harm     .   H - +1 cloak
rCorr   .          Rampage  .   t - +0 pair of gloves
Will    +....                   y - +0 pair of boots
Stlth   +++.......              (no amulet)
HPRegen 0.22/turn               E - ring of willpower
MPRegen 0.17/turn               l - ring of protection from cold

@: very slow
A: fangs 1, strong nose, distributed training
a: Renounce Religion, Bend Time


You were on level 8 of the Dungeon.
You worshipped Cheibriados.
Cheibriados was aware of your devotion.
You visited 2 branches of the dungeon, and saw 9 of its levels.
You also visited: Sewer.

You collected 443 gold pieces.


Innate Abilities, Weirdness & Mutations

You have very sharp teeth.
Your uncanny sense of smell can sniff out nearby items.
Your experience applies equally to all skills.


   Skills:
 + Level 5.0 Fighting
 + Level 5.0 Short Blades
 + Level 5.0 Long Blades
 + Level 5.0 Axes
 + Level 5.0 Maces & Flails
 + Level 5.0 Polearms
 + Level 5.0 Staves
 + Level 5.0 Slings
 + Level 5.0 Bows
 + Level 5.0 Crossbows
 + Level 5.0 Throwing
 + Level 5.0 Armour
 + Level 6.9 Dodging
 + Level 6.6 Stealth
 + Level 5.0 Shields
 + Level 5.0 Unarmed Combat
 + Level 7.2 Spellcasting
 + Level 8.3 Conjurations
 + Level 4.1 Hexes
 + Level 4.1 Summonings
 + Level 4.1 Necromancy
 + Level 4.1 Translocations
 + Level 4.1 Transmutations
 + Level 4.1 Fire Magic
 + Level 4.1 Ice Magic
 + Level 4.1 Air Magic
 + Level 4.1 Earth Magic
 + Level 4.1 Poison Magic
 + Level 5.5 Invocations
 + Level 5.0 Evocations


You had 20 spell levels left.
You knew the following spells:

 Your Spells              Type           Power      Damage    Failure   Level
x - Searing Ray           Conj           92%        2d7       1%          2
z - Magic Dart            Conj           100%       1d8       1%          1

Your spell library contained the following spells:

 Spells                   Type           Power      Damage    Failure   Level
 Dazzling Flash           Conj/Hex       74%        N/A       1%          3
 Confusing Touch          Hex            27%        N/A       4%          3
 Gell's Gravitas          Tloc           27%        N/A       4%          3
 Lesser Beckoning         Tloc           27%        N/A       4%          3
 Ozocubu's Armour         Ice            27%        N/A       4%          3
 Teleport Other           Tloc           27%        N/A       4%          3
 Fulminant Prism          Conj/Hex       18%        3d11      6%          4
 Iskenderun's Mystic Bla  Conj/Tloc      37%        2d9       6%          4
 Yara's Violent Unravell  Hex/Tmut       13%        3d7       36%         5
 Enfeeble                 Hex            13%        N/A       100%        7
 Ozocubu's Refrigeration  Ice            13%        4d7       100%        7

Inventory:

Hand Weapons
 a - the +8 mace of Ignis's Delight (weapon) {freeze, Str+7}

   It freezes those it strikes, dealing additional cold damage.
   It can also slow down cold-blooded creatures.
   Str:       It affects your strength (+7).
 b - a +2 flail of draining
 A - a +2 dagger of venom
 F - a +3 dagger of flaming
Missiles
 d - a throwing net {=f}
Armour
 t - a +0 pair of gloves (worn)
 u - a +0 helmet (worn)
 y - a +0 pair of boots (worn)
 D - +0 steam dragon scales (worn)
 H - a +1 cloak (worn)
Jewellery
 l - a ring of protection from cold (right hand)
 E - a ring of willpower (left hand)
Wands
 B - a wand of flame (27)
Scrolls
 e - 3 scrolls of fog {unknown}
 f - a scroll of brand weapon {unknown}
 h - 7 scrolls of identify {unknown}
 i - 4 scrolls of fear {unknown}
 n - a scroll of enchant weapon {unknown}
 o - 2 scrolls of immolation {unknown}
 p - 3 scrolls of magic mapping {unknown}
 r - 5 scrolls of teleportation {unknown}
 v - 2 scrolls of enchant armour {unknown}
 w - a scroll of vulnerability {unknown}
 x - a scroll of blinking {unknown}
 z - a scroll of torment {unknown}
 C - a scroll of holy word {unknown}
Potions
 c - 4 potions of degeneration {unknown}
 g - 2 potions of mutation {unknown}
 k - a potion of lignification {unknown}
 m - 5 potions of curing {unknown}
 q - 3 potions of haste {unknown}
 s - 3 potions of heal wounds {unknown}
 G - a potion of resistance {unknown}

Dungeon Overview and Level Annotations

Branches:
Dungeon (8/15)             Temple (1/1) D:7            Lair (0/6) D:8
  Sewer (visited)

Altars:
Ashenzari
Cheibriados
Dithmenos
Elyvilon
Fedhas
Gozag
Hepliaklqana
Kikubaaqudgha
Makhleb
Nemelex Xobeh
Okawaru
Ru
Sif Muna
Trog
Uskayaw
Vehumet
Wu Jian
Xom
Yredelemnul
Zin
The Shining One

Shops:
D:1 ?:   D:8 *

Annotations:
D:7 1 runed translucent door, melvinkitnick's ghost, novice FeSu
D:8 Harold

▒▒▒▒▒▒▒▒▒▒▒▒▒▒▒
▒.............▒
▒▒▒▒.▒▒▒▒▒..▒▒▒▒.▒
.....▒▒▒▒▒..▒▒▒▒.▒
▒▒▒..▒▒........▒.▒
........▒▒..▒▒.▒.▒
▒.▒..▒▒▒▒▒..▒▒.▒.▒
................@▒
..▒▒▒▒▒▒▒▒▒.▒▒.▒g▒▒
▒.▒ ▒.▒▒....▒ ..▒
▒.▒▒▒▒..▒ ..▒ ▒..
...▒ ▒▒▒ ∆▒▒▒ ▒▒.▒
▒ !▒ ▒ . ∆ .▒ ▒ ▒▒.
.▒ ▒..


You could see Harold.


Message History

Harold hits you with a +0 short sword!
* * * LOW HITPOINT WARNING * * *
The searing ray hits Harold.
Harold is heavily wounded.
Harold hits you with a +0 short sword.
* * * LOW HITPOINT WARNING * * *
The searing ray hits Harold.
Harold is heavily wounded.
You finish channelling your searing ray.
Harold barely misses you.
Aiming: Searing Ray (safe; 1% risk of failure)
Aim: Harold, wielding a +0 short sword, wearing a +3 scale mail of fire resistance and quivering 3 throwing nets (heavily wounded, 89% to hit)
The searing ray hits Harold.
Harold is heavily wounded. (Press . to maintain the ray.) Harold hits you with a +0 short sword.
* * * LOW HITPOINT WARNING * * *
The searing ray hits Harold.
Harold is heavily wounded.
Harold points at you and mumbles some strange words.
You barely resist.
The searing ray hits Harold.
Harold is severely wounded.
Harold hits you with a +0 short sword!
* * * LOW HITPOINT WARNING * * *
The searing ray hits Harold.
Harold is severely wounded.
You finish channelling your searing ray.
Harold hits you with a +0 short sword!
You die...

Action                   |  1- 3 |  4- 6 |  7- 9 | 10-12 || total
-------------------------+-------+-------+-------+-------++-------
Melee: Unarmed           |       |     1 |       |       ||     1
       Dagger            |       |     5 |    21 |       ||    26
       Bite              |       |       |     6 |     2 ||     8
       Flail             |       |       |    27 |       ||    27
       Mace              |       |       |    20 |    21 ||    41
       Punch             |       |       |     3 |       ||     3
 Cast: Magic Dart        |    66 |   147 |   159 |    35 ||   407
       Searing Ray       |       |     4 |    48 |     7 ||    59
Armor: Robe              |       |     4 |    48 |       ||    52
       Steam dragon scal |       |       |       |    15 ||    15
Dodge: Dodged            |     1 |    14 |   162 |    24 ||   201

Levels and vault maps discovered:
D:1:      nzn_arrival_settlement, layout_loops_ring, serial_shops, shop,
          shop_fountains
D:2:      cheibrodos_helix_gallery, layout_loops_ring, chequers_avenue,
          minmay_pentomino_o4
D:3:      layout_rooms, mainiacjoe_overflow_catwalk_spiral,
          cheibrodos_sewer_entry_sluice
D:4:      layout_basic
D:5:      layout_loops_cross
D:6:      layout_loops_ring, minmay_joined_circles
D:7:      layout_rooms, minmay_temple_entry_large_hall, ebering_ghost_xom,
          uniq_maggie
D:8:      layout_loops_cross, lemuel_tele_altar, lair_entry_dummy,
          minmay_misc_feat_enclosed, nicolae_take_the_stairs, uniq_harold
Temple:   mainiacjoe_temple_coin_purse

Notes
Turn   | Place    | Note
-------+----------+-------------------------------------------
     0 | D:1      | sanka the Gnoll Conjurer began the quest for the Orb.
     0 | D:1      | Reached XP level 1. HP: 13/13 MP: 6/6
   204 | D:1      | Reached XP level 2. HP: 19/19 MP: 5/7
   388 | D:1      | Found Tuishoosm's Book Shop.
   792 | D:1      | Found Kupogen's Magic Scroll Shop.
   971 | D:1      | Learned a level 2 spell: Searing Ray
   979 | D:2      | Reached XP level 3. HP: 25/25 MP: 1/9
  1054 | D:2      | Reached skill level 5 in Spellcasting
  1311 | D:2      | Reached skill level 1 in Invocations
  1489 | D:2      | Reached skill level 1 in Fighting
  1489 | D:2      | Reached skill level 1 in Short Blades
  1489 | D:2      | Reached skill level 1 in Long Blades
  1489 | D:2      | Reached skill level 1 in Axes
  1489 | D:2      | Reached skill level 1 in Maces & Flails
  1489 | D:2      | Reached skill level 1 in Polearms
  1489 | D:2      | Reached skill level 1 in Staves
  1489 | D:2      | Reached skill level 1 in Slings
  1489 | D:2      | Reached skill level 1 in Bows
  1489 | D:2      | Reached skill level 1 in Crossbows
  1489 | D:2      | Reached skill level 1 in Throwing
  1489 | D:2      | Reached skill level 1 in Armour
  1489 | D:2      | Reached skill level 1 in Shields
  1489 | D:2      | Reached skill level 1 in Unarmed Combat
  1489 | D:2      | Reached skill level 1 in Evocations
  1637 | D:2      | Reached XP level 4. HP: 32/32 MP: 6/11
  2465 | D:3      | Reached skill level 1 in Hexes
  2465 | D:3      | Reached skill level 1 in Summonings
  2465 | D:3      | Reached skill level 1 in Necromancy
  2465 | D:3      | Reached skill level 1 in Translocations
  2465 | D:3      | Reached skill level 1 in Transmutations
  2465 | D:3      | Reached skill level 1 in Fire Magic
  2465 | D:3      | Reached skill level 1 in Ice Magic
  2465 | D:3      | Reached skill level 1 in Air Magic
  2465 | D:3      | Reached skill level 1 in Earth Magic
  2465 | D:3      | Reached skill level 1 in Poison Magic
  2705 | D:3      | Found a sacrificial altar of Ru.
  2756 | D:3      | Found an ornate altar of the Wu Jian Council.
  2952 | D:3      | Found a glowing drain.
  2972 | Sewer    | Entered a sewer
  3006 | Sewer    | Reached XP level 5. HP: 37/37 MP: 5/12
  3701 | Sewer    | Reached skill level 2 in Invocations
  3701 | Sewer    | Reached XP level 6. HP: 44/44 MP: 7/13
  3812 | Sewer    | Reached skill level 5 in Dodging
  3815 | Sewer    | Reached skill level 2 in Fighting
  3815 | Sewer    | Reached skill level 2 in Short Blades
  3815 | Sewer    | Reached skill level 2 in Long Blades
  3815 | Sewer    | Reached skill level 2 in Axes
  3815 | Sewer    | Reached skill level 2 in Maces & Flails
  3815 | Sewer    | Reached skill level 2 in Polearms
  3815 | Sewer    | Reached skill level 2 in Staves
  3815 | Sewer    | Reached skill level 2 in Slings
  3815 | Sewer    | Reached skill level 2 in Bows
  3815 | Sewer    | Reached skill level 2 in Crossbows
  3815 | Sewer    | Reached skill level 2 in Throwing
  3815 | Sewer    | Reached skill level 2 in Armour
  3815 | Sewer    | Reached skill level 2 in Shields
  3815 | Sewer    | Reached skill level 2 in Unarmed Combat
  3815 | Sewer    | Reached skill level 2 in Evocations
  4346 | D:4      | Noticed a necrophage
  4354 | D:4      | Killed a necrophage
  4355 | D:4      | Reached XP level 7. HP: 50/50 MP: 8/15
  5228 | D:5      | Entered Level 5 of the Dungeon
  5275 | D:5      | Reached skill level 2 in Hexes
  5275 | D:5      | Reached skill level 2 in Summonings
  5275 | D:5      | Reached skill level 2 in Necromancy
  5275 | D:5      | Reached skill level 2 in Translocations
  5275 | D:5      | Reached skill level 2 in Transmutations
  5275 | D:5      | Reached skill level 2 in Fire Magic
  5275 | D:5      | Reached skill level 2 in Ice Magic
  5275 | D:5      | Reached skill level 2 in Air Magic
  5275 | D:5      | Reached skill level 2 in Earth Magic
  5275 | D:5      | Reached skill level 2 in Poison Magic
  5386 | D:5      | Reached skill level 5 in Stealth
  5386 | D:5      | Reached skill level 3 in Invocations
  5566 | D:5      | Reached XP level 8. HP: 50/57 MP: 8/16
  5681 | D:4      | HP: 5/52 [gnoll (1)]
  5682 | D:4      | HP: 1/52 [gnoll (4)]
  6193 | D:4      | Reached skill level 3 in Fighting
  6193 | D:4      | Reached skill level 3 in Short Blades
  6193 | D:4      | Reached skill level 3 in Long Blades
  6193 | D:4      | Reached skill level 3 in Axes
  6193 | D:4      | Reached skill level 3 in Maces & Flails
  6193 | D:4      | Reached skill level 3 in Polearms
  6193 | D:4      | Reached skill level 3 in Staves
  6193 | D:4      | Reached skill level 3 in Slings
  6193 | D:4      | Reached skill level 3 in Bows
  6193 | D:4      | Reached skill level 3 in Crossbows
  6193 | D:4      | Reached skill level 3 in Throwing
  6193 | D:4      | Reached skill level 3 in Armour
  6193 | D:4      | Reached skill level 3 in Shields
  6193 | D:4      | Reached skill level 3 in Unarmed Combat
  6193 | D:4      | Reached skill level 3 in Evocations
  6662 | D:5      | Reached skill level 6 in Spellcasting
  7702 | D:6      | Reached skill level 4 in Invocations
  7757 | D:6      | Reached skill level 3 in Hexes
  7757 | D:6      | Reached skill level 3 in Summonings
  7757 | D:6      | Reached skill level 3 in Necromancy
  7757 | D:6      | Reached skill level 3 in Translocations
  7757 | D:6      | Reached skill level 3 in Transmutations
  7757 | D:6      | Reached skill level 3 in Fire Magic
  7757 | D:6      | Reached skill level 3 in Ice Magic
  7757 | D:6      | Reached skill level 3 in Air Magic
  7757 | D:6      | Reached skill level 3 in Earth Magic
  7757 | D:6      | Reached skill level 3 in Poison Magic
  8160 | D:6      | Reached skill level 6 in Dodging
  8313 | D:6      | Reached XP level 9. HP: 55/65 MP: 12/18
  8681 | D:6      | Reached skill level 4 in Fighting
  8681 | D:6      | Reached skill level 4 in Short Blades
  8681 | D:6      | Reached skill level 4 in Long Blades
  8681 | D:6      | Reached skill level 4 in Axes
  8681 | D:6      | Reached skill level 4 in Maces & Flails
  8681 | D:6      | Reached skill level 4 in Polearms
  8681 | D:6      | Reached skill level 4 in Staves
  8681 | D:6      | Reached skill level 4 in Slings
  8681 | D:6      | Reached skill level 4 in Bows
  8681 | D:6      | Reached skill level 4 in Crossbows
  8681 | D:6      | Reached skill level 4 in Throwing
  8681 | D:6      | Reached skill level 4 in Armour
  8681 | D:6      | Reached skill level 4 in Shields
  8681 | D:6      | Reached skill level 4 in Unarmed Combat
  8681 | D:6      | Reached skill level 4 in Evocations
  8878 | D:6      | Noticed a troll
  9238 | D:5      | Killed a troll
  9239 | D:5      | Reached skill level 6 in Stealth
  9239 | D:5      | Reached skill level 8 in Conjurations
 10295 | D:6      | Reached skill level 5 in Invocations
 10639 | D:6      | Identified the +8 mace of Ignis's Delight {freeze, Str+7}
 11129 | D:6      | HP: 5/66 [sky beast (5)]
 11131 | D:6      | Reached skill level 7 in Spellcasting
 11521 | D:7      | Found a staircase to the Ecumenical Temple.
 11534 | Temple   | Entered the Ecumenical Temple
 11647 | Temple   | Became a worshipper of Cheibriados the Contemplative
 11664 | D:7      | Found a runed translucent door.
 11664 | D:7      | Found a shimmering altar of Xom.
 11664 | D:7      | Noticed melvinkitnick's ghost (novice FeSu)
 11665 | D:7      | Noticed a +0 mace of chaos
 11699 | D:7      | Reached XP level 10. HP: 61/73 MP: 13/20
 11767 | D:7      | Identified +0 steam dragon scales
 11767 | D:7      | Noticed Maggie
 11777 | D:7      | Killed Maggie
 11778 | D:7      | Reached skill level 4 in Hexes
 11778 | D:7      | Reached skill level 4 in Summonings
 11778 | D:7      | Reached skill level 4 in Necromancy
 11778 | D:7      | Reached skill level 4 in Translocations
 11778 | D:7      | Reached skill level 4 in Transmutations
 11778 | D:7      | Reached skill level 4 in Fire Magic
 11778 | D:7      | Reached skill level 4 in Ice Magic
 11778 | D:7      | Reached skill level 4 in Air Magic
 11778 | D:7      | Reached skill level 4 in Earth Magic
 11778 | D:7      | Reached skill level 4 in Poison Magic
 11952 | D:7      | Reached skill level 5 in Fighting
 11952 | D:7      | Reached skill level 5 in Short Blades
 11952 | D:7      | Reached skill level 5 in Long Blades
 11952 | D:7      | Reached skill level 5 in Axes
 11952 | D:7      | Reached skill level 5 in Maces & Flails
 11952 | D:7      | Reached skill level 5 in Polearms
 11952 | D:7      | Reached skill level 5 in Staves
 11952 | D:7      | Reached skill level 5 in Slings
 11952 | D:7      | Reached skill level 5 in Bows
 11952 | D:7      | Reached skill level 5 in Crossbows
 11952 | D:7      | Reached skill level 5 in Throwing
 11952 | D:7      | Reached skill level 5 in Armour
 11952 | D:7      | Reached skill level 5 in Shields
 11952 | D:7      | Reached skill level 5 in Unarmed Combat
 11952 | D:7      | Reached skill level 5 in Evocations
 12312 | D:7      | Found the +6 shillelagh "Devastator" {shatter}
 12373 | D:8      | Found a radiant altar of Vehumet.
 12381 | D:8      | Found Bedifig's Assorted Antiques.
 12407 | D:8      | Reached * piety under Cheibriados
 12483 | D:8      | Found a staircase to the Lair.
 12540 | D:8      | Noticed Harold
 12557 | D:8      | HP: 4/74 [Harold (14)]
 12558 | D:8      | Mangled by Harold

Vanquished Creatures
  Maggie (D:7)
  A troll (D:5)
  A water moccasin (D:5)
  An orc warrior (D:6)
  An ice beast (D:6)
  3 sky beasts
  3 black bears
  2 necrophages
  An ogre (D:6)
  2 centaurs (D:6)
  2 phantoms (D:5)
  A kobold brigand (D:7)
  A gnoll sergeant (D:4)
  5 bullfrogs
  3 scorpions
  2 water moccasin zombies
  A wyvern zombie (D:7)
  A wyvern skeleton (D:6)
  3 wights
  A howler monkey (D:6)
  2 hounds (D:6)
  2 bullfrog zombies
  A centaur zombie (D:6)
  2 bullfrog skeletons (D:5)
  A jelly (D:7)
  7 iguanas
  3 orc wizards
  2 killer bee zombies (D:6)
  A howler monkey zombie (D:6)
  8 gnolls
  6 river rats (Sewer)
  11 adders
  A shadow imp (D:5)
  A white imp (D:7)
  An ufetubus (D:6)
  An adder skeleton (D:2)
  4 worms
  2 dart slugs
  22 orcs
  14 ball pythons
  6 endoplasms
  4 giant cockroaches
  6 hobgoblins
  2 jackals (D:2)
  5 quokkas
  6 bats
  4 frilled lizards
  7 goblins
  14 kobolds
  26 rats
208 creatures vanquished.
